 Dungeon Crawl Stone Soup version 0.28.0 (webtiles) character file.

Game seed: 12624935901685139842

1133 RighteousDevil the Conjurer (level 8, 0/46 HPs)
             Began as a Tengu Conjurer on Feb 10, 2022.
             Was an Elder of Cheibriados.
             Slain by a two-headed ogre (20 damage)
             ... on level 5 of the Dungeon.
             The game lasted 00:09:39 (4168 turns).

RighteousDevil the Conjurer (Tengu Conjurer)        Turns: 4168, Time: 00:09:40

Health: 0/46       AC:  7    Str: 18    XL:     8   Next: 36%
Magic:  13/13      EV: 15    Int: 28    God:    Cheibriados [****..]
Gold:   166        SH:  0    Dex: 22    Spells: 10/13 levels left

rFire   + . .      SeeInvis .   a - +4 hand axe (elec)
rCold   . . .      Faith    .   (no shield)
rNeg    . . .      Spirit   .   m - +0 scale mail
rPois   .          Reflect  .   (helmet restricted)
rElec   .          Harm     .   (no cloak)
rCorr   .          Rampage  .   (no gloves)
Will    .....                   (boots unavailable)
Stlth   +.........              p - amulet of regeneration
HPRegen 0.95/turn               n - ring of protection from fire
MPRegen 0.13/turn               (no ring)

@: flying quickly and evasively, very slow
A: beak, talons 3, nimble flight
a: Renounce Religion, Bend Time, Temporal Distortion, Slouch


You were on level 5 of the Dungeon.
You worshipped Cheibriados.
Cheibriados was greatly pleased with you.
You visited 1 branch of the dungeon, and saw 5 of its levels.

You collected 166 gold pieces.

Inventory:

Hand Weapons
 a - a +4 hand axe of electrocution (weapon)
Armour
 b - a +0 robe
 f - a +0 leather armour
 m - a +0 scale mail (worn)
Jewellery
 n - a ring of protection from fire (left hand)
 p - an amulet of regeneration (around neck)
Wands
 j - a wand of flame (20)
 u - a wand of iceblast (7)
Scrolls
 c - 3 scrolls of vulnerability
 g - a scroll of teleportation
 i - a scroll of enchant weapon {unknown}
 k - a scroll of brand weapon {unknown}
 l - a scroll of magic mapping {unknown}
 o - a scroll of enchant armour {unknown}
 r - a scroll of identify
 s - a scroll of fog {unknown}
 t - a scroll of blinking {unknown}
Potions
 d - a potion of invisibility
 e - 2 potions of heal wounds
 h - a potion of curing
 q - 2 potions of ambrosia {unknown}
 v - a potion of mutation {unknown}


   Skills:
 + Level 3.4 Fighting
 - Level 1.2 Short Blades
 + Level 5.7 Axes
 + Level 3.7 Armour
 + Level 5.5 Dodging
 - Level 2.0 Stealth
 - Level 3.0 Spellcasting
 - Level 6.0 Conjurations


You had 10 spell levels left.
You knew the following spells:

 Your Spells              Type           Power      Damage    Failure   Level
a - Magic Dart            Conj           100%       1d8       2%          1
b - Searing Ray           Conj           76%        2d7       3%          2

Your spell library contained the following spells:

 Spells                   Type           Power      Damage    Failure   Level
 Shock                    Conj/Air       84%        1d8       8%          1
 Conjure Flame            Conj/Fire      21%        6-21      22%         3
 Dazzling Flash           Conj/Hex       42%        N/A       22%         3
 Mephitic Cloud           Conj/Pois/Air  15%        N/A       32%         3
 Call Imp                 Summ           4%         N/A       36%         2
 Ignite Poison            Fire/Tmut/Pois 4%         N/A       58%         3
 Inner Flame              Hex/Fire       4%         N/A       58%         3
 Swiftness                Air            4%         N/A       58%         3
 Fulminant Prism          Conj/Hex       10%        3d9       58%         4
 Iskenderun's Mystic Bla  Conj/Tloc      21%        2d6       58%         4
 Sticky Flame             Conj/Fire      21%        2d4       58%         4
 Airstrike                Air            2%         N/A       94%         4
 Cause Fear               Hex            2%         N/A       94%         4
 Discord                  Hex            2%         N/A       100%        8


Dungeon Overview and Level Annotations

Branches:
Dungeon (5/15)             Temple (0/1) D:4

Altars:
Cheibriados
Gozag
Ru
Wu Jian
Yredelemnul

Shops:
D:5 *

Annotations:
D:4 1 runed translucent door, Crazy Yiuf


Innate Abilities, Weirdness & Mutations

You have a beak for a mouth.
You have claws for feet.
Your magical nature lets you fly swiftly and evasively.


Message History

The two-headed ogre shouts in stereo!
An adder comes into view.
The adder hisses angrily.
Aiming: Iceblast
Press: ? - help, Shift-Dir - straight line, f - two-headed ogre
Aim: a two-headed ogre, wielding a +0 dire flail and a +0 giant club The mass of ice explodes!
The iceblast engulfs the two-headed ogre!
The two-headed ogre is lightly wounded.
The iceblast engulfs the adder!
You kill the adder!
Cheibriados appreciates the change of pace.
Unknown command.
Unknown command.
Aiming: Iceblast
Press: ? - help, Shift-Dir - straight line, f/p - two-headed ogre
Aim: a two-headed ogre, wielding a +0 dire flail and a +0 giant club (lightly wounded)
The mass of ice explodes!
The iceblast engulfs the two-headed ogre!
The two-headed ogre is moderately wounded.
Unknown command.
Unknown command.
Unknown command.
You slash the two-headed ogre!
The two-headed ogre is heavily wounded.
The two-headed ogre hits you with a +0 dire flail!!
The two-headed ogre completely misses you.
You barely miss the two-headed ogre. You claw the two-headed ogre!
You peck the two-headed ogre.
The two-headed ogre is severely wounded.
You slash the two-headed ogre!
You peck the two-headed ogre, but do no damage.
The two-headed ogre is severely wounded.
The two-headed ogre hits you with a +0 dire flail!!
* * * LOW HITPOINT WARNING * * *
The two-headed ogre hits you with a +0 giant club!
* * * LOW HITPOINT WARNING * * *
You feel much better. The two-headed ogre barely misses you.
The two-headed ogre hits you with a +0 giant club!!
You die...

.
.........####.##.#
.........# #..#.#
.........#####.#.#
.................#
.......######.#
#..# #.## ###.###
#.@...# #.O...#
#.....# ......#
.......# ..#######
... ....


You could see a two-headed ogre.

Vanquished Creatures
  Grinder (D:4)
  Eustachio (D:4)
  A water moccasin (D:5)
  An ice beast (D:5)
  A water moccasin skeleton (D:5)
  5 killer bees (D:4)
  A bullfrog zombie (D:5)
  2 hounds
  2 orc wizards
  A hound zombie (D:5)
  8 adders
  A worm (D:2)
  3 dart slugs
  11 orcs
  6 ball pythons
  7 endoplasms
  4 giant cockroaches
  7 goblins
  10 hobgoblins
  11 jackals
  5 quokkas
  5 bats
  A frilled lizard (D:1)
  8 kobolds
  A quokka skeleton (D:4)
  6 rats
110 creatures vanquished.

Vanquished Creatures (others)
  3 fungi (D:4)
3 creatures vanquished.

Grand Total: 113 creatures vanquished

Notes
Turn   | Place    | Note
-------+----------+-------------------------------------------
     0 | D:1      | RighteousDevil the Tengu Conjurer began the quest for the
                  | Orb.
     0 | D:1      | Reached XP level 1. HP: 10/10 MP: 4/4
   318 | D:1      | Reached XP level 2. HP: 15/15 MP: 3/6
   657 | D:1      | Reached skill level 1 in Short Blades
   682 | D:1      | Reached XP level 3. HP: 13/19 MP: 2/7
   817 | D:1      | Found a faded altar of an unknown god.
   826 | D:1      | Prayed at the altar of an unknown god.
   826 | D:1      | Became a worshipper of Cheibriados the Contemplative
   826 | D:1      | Reached * piety under Cheibriados
  1226 | D:1      | Learned a level 2 spell: Searing Ray
  1636 | D:2      | Reached skill level 1 in Axes
  1706 | D:2      | Found an ornate altar of the Wu Jian Council.
  1746 | D:2      | Reached XP level 4. HP: 21/24 MP: 3/8
  1892 | D:2      | Reached ** piety under Cheibriados
  2334 | D:3      | Reached skill level 6 in Conjurations
  2379 | D:3      | Gained mutation: Your magical nature lets you fly swiftly
                  | and evasively. [Tengu growth]
  2379 | D:3      | Reached XP level 5. HP: 24/28 MP: 10/10
  2549 | D:3      | Reached *** piety under Cheibriados
  3377 | D:4      | Noticed Eustachio
  3384 | D:4      | Killed Eustachio
  3385 | D:4      | Reached XP level 6. HP: 31/32 MP: 11/11
  3659 | D:4      | Reached skill level 1 in Fighting
  3659 | D:4      | Reached skill level 1 in Armour
  3665 | D:4      | Reached XP level 7. HP: 26/38 MP: 12/12
  3700 | D:4      | Found a sacrificial altar of Ru.
  3701 | D:4      | Found a basalt altar of Yredelemnul.
  3701 | D:4      | Noticed Grinder
  3707 | D:4      | Killed Grinder
  3708 | D:4      | Reached skill level 5 in Axes
  3760 | D:4      | Found a staircase to the Ecumenical Temple.
  3944 | D:4      | Found a runed translucent door.
  3945 | D:4      | Noticed Crazy Yiuf
  3975 | D:5      | Entered Level 5 of the Dungeon
  4001 | D:5      | Reached skill level 5 in Dodging
  4027 | D:5      | Reached **** piety under Cheibriados
  4028 | D:5      | Reached XP level 8. HP: 40/45 MP: 13/13
  4034 | D:5      | Found Gozag's Platinum Reserve.
  4044 | D:5      | Found an opulent altar of Gozag.
  4161 | D:5      | Noticed a two-headed ogre
  4167 | D:5      | HP: 1/46 [two-headed ogre (7)]
  4168 | D:5      | Slain by a two-headed ogre

Illustrated notes

Levels and vault maps discovered:
D:1:      matt_arrival_diagonals, layout_loops_ring,
          ebering_ecumenical_altar_webs, kennysheep_boxes
D:2:      layout_rooms, basic_altar, st_stairs_13
D:3:      minmay_general_purpose_star, layout_basic, grunt_ministairs_15
D:4:      layout_loops_cross, mainiacjoe_overflow_divided_tiny,
          minmay_temple_entry_drinking_statues, uniq_grinder,
          uniq_crazy_yiuf_cottage, uniq_eustachio
D:5:      layout_rooms, nicolae_gozag_zags_fifth_avenue, st_stairs_14,
          uniq_ijyb, uniq_edmund

Skill      XL: |  1  2  3  4  5  6  7  8 |
---------------+-------------------------+-----
Short Blades   | 1 |  1.2
Axes           | 1 2 4 5 |  5.7
Dodging        | 3 4 5 |  5.5
Conjurations   | 6 |  6.0
Spellcasting   | 3 |  3.0
Fighting       | 1 2 3 |  3.4
Armour         | 1 3 |  3.7
Stealth        | |  2.0

Action                   |  1- 3 |  4- 6 |  7- 9 || total
-------------------------+-------+-------+-------++-------
Melee: Dagger            |    21 |       |       ||    21
       Peck              |     5 |     7 |     9 ||    21
       Kick              |     4 |    14 |    19 ||    37
       Hand axe          |    12 |    78 |    49 ||   139
       Punch             |       |     2 |       ||     2
 Cast: Magic Dart        |    49 |     8 |       ||    57
Invok: Bend Time         |       |       |     1 ||     1
Evoke: Wand              |       |       |     2 ||     2
  Use: Scroll            |       |     5 |       ||     5
       Potion            |       |       |     2 ||     2
 Stab: Sleeping          |     1 |     6 |       ||     7
Armor: Robe              |     4 |       |       ||     4
       Leather armour    |     7 |    13 |       ||    20
       Scale mail        |       |     9 |    15 ||    24
Dodge: Dodged            |    21 |    41 |    52 ||   114
